 Dungeon Crawl Stone Soup version 0.26-a0-284-g73c0fb6129 (webtiles) character file.

Game seed: 177169041176850740

194 MrRokkomies the Skirmisher (level 5, 0/66 HPs)
             Began as a Barachi Fighter on July 13, 2020.
             Slain by a quokka (3 damage)
             ... on level 3 of the Dungeon.
             The game lasted 00:05:01 (2666 turns).

MrRokkomies the Skirmisher (Barachi Fighter)        Turns: 2666, Time: 00:05:03

Health: 0/66       AC: 22    Str: 17    XL:     5   Next: 73%
Magic:  5/5        EV:  2    Int: 10    God:
Gold:   106        SH:  9    Dex: 11    Spells: 4/4 levels left

rFire    . . .     SeeInvis .   a - +0 long sword
rCold    . . .     Faith    .   c - +0 kite shield
rNeg     + + +     Spirit   .   (armour currently unavailable)
rPois    +         Reflect  .   (helmet currently unavailable)
rElec    .         Harm     .   (cloak currently unavailable)
rCorr    .         NoTele   +   (gloves currently unavailable)
MR       .....                  (boots currently unavailable)
Stlth    +.........             (no amulet)
HPRegen  0.21/turn              (no ring)
MPRegen  0.09/turn              (no ring)

@: brilliant, lethally poisoned (0 -> -20), tree-form, very slightly
contaminated, invisible
A: +LOS, swims
a: no special abilities


You were on level 3 of the Dungeon.
You were a tree.
You visited 1 branch of the dungeon, and saw 3 of its levels.

You collected 106 gold pieces.

Inventory:

Hand Weapons
 a - a +0 long sword (weapon)
Missiles
 k - 21 poisoned darts (quivered)
 n - 25 arrows
Armour
 b - a +0 scale mail
 c - a +0 kite shield (worn)
 e - a cursed -1 helmet (melded)
 m - a +1 chain mail of cold resistance (melded)
Jewellery
 p - an uncursed ring of magical power
Scrolls
 i - a scroll of enchant armour {unknown}
 l - a scroll of identify
 o - 2 scrolls of magic mapping {unknown}
Potions
 d - a potion of might
 f - a potion of brilliance
 g - a potion of lignification
 h - 2 potions of resistance


   Skills:
 * Level 5.2 Fighting
 * Level 4.3 Long Blades
 + Level 4.5 Armour
 + Level 2.0 Dodging
 - Level 3.2 Shields


You had 4 spell levels left.
You didn't know any spells.
Your spell library was empty.

Dungeon Overview and Level Annotations

Branches:
Dungeon (3/15)

Altars:


Innate Abilities, Weirdness & Mutations

You can be seen from farther away. (+LOS)
You can swim through water.
((You cover ground slowly.))
((You can hop short distances.))


Message History

You block the adder's attack. You block the orc's attack.
The quokka bites you but does no damage.
The adder barely misses you.
The quokka bites you but does no damage.
The orc hits you but does no damage.
You barely miss the adder.
The adder is severely wounded.
* * * LOW HITPOINT WARNING * * *
You feel very sick. You block the adder's attack.
The quokka bites you but does no damage.
You block the orc's attack.
You completely miss the adder.
The adder is severely wounded.
* * * LOW HITPOINT WARNING * * *
You feel sick. The adder barely misses you.
You riposte.
You miss the adder.
The adder is severely wounded.
You block the quokka's attack. The orc hits you but does no damage.
The adder bites you but does no damage. The quokka bites you.
You die...

≈≈# ≈......# ≈≈≈##
........ .....
.......? ......
..$...... ≈≈....
#..≈≈.... ..≈....
.... .....
..≈....#####.# ......
≈≈.....o#....##......
⌠.....or7?...†.# ..
..≈≈...##S.....##.#..
≈≈..≈...............#
....≈..###.....###...
..≈≈.. ##.....# #
.≈≈.. #..#.### ≈≈≈#
#<##.# ≈ #.##.#
#.##..


You could see an adder, 2 orcs and a quokka.

Vanquished Creatures
  Natasha (twice) (D:2)
  3 gnolls (D:2)
  2 adders
  An ooze (D:2)
  An adder skeleton (D:2)
  5 worms (D:2)
  4 dart slugs
  2 leopard geckos
  An orc (D:3)
  2 giant cockroaches (D:1)
  6 goblins
  3 hobgoblins
  10 jackals
  8 bats
  2 frilled lizards
  10 kobolds
  A leopard gecko skeleton (D:3)
  5 rats
68 creatures vanquished.

Notes
Turn   | Place    | Note
-------+----------+-------------------------------------------
     0 | D:1      | MrRokkomies the Barachi Fighter began the quest for the
                  | Orb.
     0 | D:1      | Reached XP level 1. HP: 18/18 MP: 1/1
    92 | D:1      | Reached XP level 2. HP: 15/25 MP: 2/2
   402 | D:1      | Reached skill level 4 in Fighting
   446 | D:1      | Reached skill level 1 in Dodging
   515 | D:1      | Reached XP level 3. HP: 30/30 MP: 3/3
  1300 | D:2      | Reached XP level 4. HP: 25/38 MP: 4/4
  1717 | D:2      | Noticed Natasha
  1731 | D:2      | Killed Natasha
  1816 | D:2      | Reached XP level 5. HP: 33/43 MP: 5/5
  1834 | D:2      | Reached skill level 5 in Fighting
  2286 | D:2      | Noticed Natasha
  2429 | D:2      | Killed Natasha
  2666 | D:3      | HP: 3/66 [poisoned by an orc]
  2666 | D:3      | Slain by a quokka

Illustrated notes

Levels and vault maps discovered:
D:1:      dpeg_arrival_subterranean_lakeside_camping, layout_basic
D:2:      layout_loops_ring, dk_vineyard_1, uniq_natasha
D:3:      cheibrodos_helix_gallery, layout_loops_ring,
          kennysheep_cross_bottleneck, corexii_shack,
          kennysheep_decorative_pillar

Skill      XL: |  1  2  3  4  5 |
---------------+----------------+-----
Fighting       | 4 5 |  5.2
Long Blades    | 3 4 |  4.3
Dodging        | 1 2 |  2.0
Armour         | 4 |  4.5
Shields        | |  3.2

Action                   |  1- 3 |  4- 6 || total
-------------------------+-------+-------++-------
Melee: Long sword        |   127 |   148 ||   275
  Use: Scroll            |     3 |     1 ||     4
       Potion            |       |     4 ||     4
Armor: Scale mail        |    69 |     5 ||    74
       Chain mail        |       |    86 ||    86
       Skin              |       |    13 ||    13
Dodge: Dodged            |    33 |    36 ||    69
Block: Kite shield       |    70 |    86 ||   156
       Rpst.: Long sword |    12 |    15 ||    27

Table legend:
 A = Non-vault XP
 B = Vault XP
 C = Vault XP percentage of total XP
 D = Non-vault monster count
 E = Vault monster count
 F = Vault count percentage of total count
                 A         B        C        D         E       F
            +---------+---------+-------+---------+---------+-------
      Total |     234 |      44 |  15.8 |      61 |       7 |  10.3
            +---------+---------+-------+---------+---------+-------
        D:1 |      53 |       7 |  11.7 |      27 |       6 |  18.2
        D:2 |     164 |      37 |  18.4 |      31 |       1 |   3.1
        D:3 |      17 |       0 |   0.0 |       3 |       0 |   0.0
            +---------+---------+-------+---------+---------+-------
